 Dungeon Crawl Stone Soup version 0.24.0-13-gcf9b3192b9 (webtiles) character file.

Game seed: 10233378837839408768, levelgen mode: deterministic

690500 Peloso the Minotaur Barricade (level 27, -3/273 HPs)
             Began as a Minotaur Fighter on Nov 10, 2019.
             Was the Champion of Okawaru.
             Killed from afar by a starcursed mass (5 damage)
             ... with an accursed screaming
             ... on level 2 of the Abyss.
             The game lasted 04:49:18 (94199 turns).

Peloso the Minotaur Barricade (Minotaur Fighter)   Turns: 94199, Time: 04:49:18

Health: -3/273     AC: 44    Str: 38      XL:     27
Magic:  33/33      EV: 11    Int:  3 (9)  God:    Okawaru [******]
Gold:   948        SH: 42    Dex: 13      Spells: 26/26 levels left

rFire    + . .     SeeInvis +   b - +7 double sword (holy)
rCold    + + +     Gourm    .   k - +11 large shield "Cuqeh" {rPois rC+ MR+ Int+4}
rNeg     + + .     Faith    .   Q - +9 scales of the Dragon King {rPois rF+ rC+ MR+}
rPois    +         Spirit   .   Y - +0 mask of the Dragon {MR+ Slay+3 SInv}
rElec    .         Reflect  +   z - scarf {cloud immunity}
rCorr    .         Harm     .   F - +2 pair of gloves {Str+3}
MR       +++++                  O - +2 pair of boots {run}
Stlth    ..........             u - amulet "Ityts" {Reflect +Fly rC+ rN+ MR+ SH+2}
HPRegen  0.55/turn              j - ring of positive energy
MPRegen  0.23/turn              y - ring "Deri" {rPois rC+ Str+4}

@: lethally poisoned (-3 -> -4), about to teleport, quick
A: retaliatory headbutt, horns 2
}: 3/15 runes: decaying, silver, gossamer
a: Heroism, Finesse, Renounce Religion, Evoke Flight


You were on level 2 of the Abyss.
You worshipped Okawaru.
Okawaru was exalted by your worship.
You were hungry.

You visited 13 branches of the dungeon, and saw 55 of its levels.
You visited the Abyss 2 times.

You collected 9505 gold pieces.
You spent 8557 gold pieces at shops.

Inventory:

Hand Weapons
 a - a +7 vampiric double sword
 b - a +7 double sword of holy wrath (weapon)
 t - the +6 hand crossbow of Capital Punishment {velocity, rC+ rN+ Int-2, unknown}
   (Okawaru gifted it to you on level 1 of the Abyss)

   Any bolt fired from it inflicts extra damage.
   It affects your intelligence (-2).
   It protects you from cold.
   It protects you from negative energy.
Armour
 i - the +0 pair of boots of Cevok {MR+ Dex+4}
   (Okawaru gifted it to you on level 5 of the Realm of Zot)

   It affects your dexterity (+4).
   It affects your resistance to hostile enchantments.
 k - the +11 large shield "Cuqeh" (worn) {rPois rC+ MR+ Int+4}
   (Okawaru gifted it to you on level 2 of the Lair of Beasts)

   It affects your intelligence (+4).
   It protects you from cold.
   It protects you from poison.
   It affects your resistance to hostile enchantments.
 v - a scarf of spirit shield
 z - a scarf of cloud immunity (worn)
 F - a +2 pair of gloves of strength (worn)
 O - a +2 pair of boots of running (worn)
 Q - the +9 scales of the Dragon King (worn) {rPois rF+ rC+ MR+}
   (You bought it in a shop on level 2 of the Vaults)

   It protects you from fire.
   It protects you from cold.
   It protects you from poison.
   It affects your resistance to hostile enchantments.
 U - the +1 crystal plate armour of Ceqyniw {Slay+5}
   (Okawaru gifted it to you on level 1 of the Orcish Mines)

   It affects your accuracy and damage with ranged weapons and melee attacks
   (+5).
 Y - the +0 mask of the Dragon (worn) {MR+ Slay+3 SInv}
   (You found it on level 4 of the Realm of Zot)

   It affects your accuracy and damage with ranged weapons and melee attacks
   (+3).
   It affects your resistance to hostile enchantments.
   It lets you see invisible.
Jewellery
 j - a ring of positive energy (left hand)
 o - an uncursed ring of flight
 u - the amulet "Ityts" (around neck) {Reflect +Fly rC+ rN+ MR+ SH+2}
   (You found it on level 4 of the Realm of Zot)

   [amulet of reflection]

   It shields you and reflects attacks.
   It protects you from cold.
   It protects you from negative energy.
   It affects your resistance to hostile enchantments.
   It lets you fly.
   It affects your SH (+2).
 y - the ring "Deri" (right hand) {rPois rC+ Str+4}
   (You took it off a deep elf annihilator on level 3 of the Elven Halls)

   [ring of poison resistance]

   It affects your strength (+4).
   It protects you from cold.
   It protects you from poison.
 E - a +1 ring of protection
 L - an uncursed ring of resist corrosion
 V - the amulet "Plog" {Gourm Str+4}
   (You took it off a spriggan berserker on level 5 of the Depths)

   [amulet of the gourmand]

   It allows you to eat raw meat even when not hungry.
   It affects your strength (+4).
Wands
 n - a wand of digging (3)
 p - a wand of polymorph (11)
 B - a wand of random effects (47)
 C - a wand of iceblast (8)
 J - a wand of acid (9)
Scrolls
 e - 18 scrolls of teleportation
 g - 7 scrolls of blinking
 h - 9 scrolls of identify
 l - 11 scrolls of magic mapping
 m - 31 scrolls of remove curse
 A - a scroll of enchant armour
 H - 5 scrolls of noise
 K - a scroll of fear
 N - a scroll of summoning
Potions
 d - 7 potions of might
 r - a potion of magic
 s - 5 potions of berserk rage
 w - 8 potions of resistance
 x - 2 potions of heal wounds
 D - 6 potions of haste
 G - 6 potions of agility
 I - 7 potions of flight
 M - 14 potions of curing
 T - 9 potions of mutation
Miscellaneous
 c - the horn of Geryon
 q - a lamp of fire
Comestibles
 f - 66 rations


   Skills:
 O Level 27 Fighting
 O Level 27 Long Blades
 O Level 27 Armour
 + Level 4.3 Dodging
 + Level 7.7 Stealth
 O Level 27 Shields
 + Level 14.8 Invocations
 + Level 9.6 Evocations


You had 26 spell levels left.
You didn't know any spells.
Your spell library contained the following spells:

 Spells                   Type           Power        Failure   Level  Hunger
 Animate Skeleton         Necr           N/A          93%         1    ##.....
 Apportation              Tloc           #.....       93%         1    ##.....
 Beastly Appendage        Tmut           #.....       93%         1    ##.....
 Confusing Touch          Hex            #.....       93%         1    ##.....
 Corona                   Hex            #......      93%         1    ##.....
 Freeze                   Ice            #...         93%         1    ##.....
 Infusion                 Chrm           #...         93%         1    ##.....
 Magic Dart               Conj           #...         93%         1    ##.....
 Sting                    Conj/Pois      #...         93%         1    ##.....
 Summon Butterflies       Summ           #.......     93%         1    ##.....
 Summon Small Mammal      Summ           #...         93%         1    ##.....
 Blink                    Tloc           N/A          98%         2    ###....
 Corpse Rot               Necr           N/A          98%         2    ###....
 Ensorcelled Hibernation  Hex/Ice        #.....       98%         2    ###....
 Passwall                 Tmut/Erth      #.......     98%         2    ###....
 Poisonous Vapours        Pois/Air       #.....       98%         2    ###....
 Searing Ray              Conj           #.....       98%         2    ###....
 Shroud of Golubria       Chrm/Tloc      #.....       98%         2    ###....
 Slow                     Hex            #.......     98%         2    ###....
 Song of Slaying          Chrm           #.......     98%         2    ###....
 Sticks to Snakes         Tmut           #.......     98%         2    ###....
 Sublimation of Blood     Necr           #.........   98%         2    ###....
 Swiftness                Chrm/Air       #.......     98%         2    ###....
 Throw Frost              Conj/Ice       #.....       98%         2    ###....
 Call Canine Familiar     Summ           #.......     100%        3    ####...
 Confuse                  Hex            #.......     100%        3    ####...
 Conjure Flame            Conj/Fire      #.......     100%        3    ####...
 Dazzling Spray           Conj/Hex       #.....       100%        3    ####...
 Gell's Gravitas          Tloc           #.........   100%        3    ####...
 Ignite Poison            Fire/Tmut/Pois #.......     100%        3    ####...
 Inner Flame              Hex/Fire       #.......     100%        3    ####...
 Lesser Beckoning         Tloc           #.........   100%        3    ####...
 Mephitic Cloud           Conj/Pois/Air  #.......     100%        3    ####...
 Portal Projectile        Hex/Tloc       #.....       100%        3    ####...
 Recall                   Summ/Tloc      N/A          100%        3    ####...
 Regeneration             Chrm/Necr      #.........   100%        3    ####...
 Spectral Weapon          Hex/Chrm       #.......     100%        3    ####...
 Teleport Other           Tloc           #.......     100%        3    ####...
 Tukima's Dance           Hex            #.......     100%        3    ####...
 Airstrike                Air            #.........   100%        4    #####..
 Cause Fear               Hex            #.........   100%        4    #####..
 Force Lance              Conj/Tloc      #.......     100%        4    #####..
 Fulminant Prism          Conj/Hex       #.........   100%        4    #####..
 Ice Form                 Ice/Tmut       #.......     100%        4    #####..
 Iskenderun's Mystic Bla  Conj           #.......     100%        4    #####..
 Leda's Liquefaction      Hex/Erth       #.........   100%        4    #####..
 Olgreb's Toxic Radiance  Pois           #.......     100%        4    #####..
 Passage of Golubria      Tloc           N/A          100%        4    #####..
 Petrify                  Tmut/Erth      #.......     100%        4    #####..
 Sticky Flame             Conj/Fire      #.......     100%        4    #####..
 Summon Ice Beast         Ice/Summ       #.......     100%        4    #####..
 Summon Lightning Spire   Summ/Air       #.......     100%        4    #####..
 Agony                    Necr           #.......     100%        5    ######.
 Alistair's Intoxication  Tmut/Pois      #.......     100%        5    ######.
 Bolt of Draining         Conj/Necr      #.........   100%        5    ######.
 Bolt of Magma            Conj/Fire/Erth #.........   100%        5    ######.
 Borgnjor's Vile Clutch   Necr/Erth      #.........   100%        5    ######.
 Dispel Undead            Necr           #.......     100%        5    ######.
 Excruciating Wounds      Chrm/Necr      #.........   100%        5    ######.
 Fireball                 Conj/Fire      #.........   100%        5    ######.
 Irradiate                Conj/Tmut      #.........   100%        5    ######.
 Iskenderun's Battlesphe  Conj/Chrm      #.......     100%        5    ######.
 Lee's Rapid Deconstruct  Erth           #.........   100%        5    ######.
 Metabolic Englaciation   Hex/Ice        #.........   100%        5    ######.
 Silence                  Hex/Air        #.........   100%        5    ######.
 Summon Mana Viper        Hex/Summ       #.......     100%        5    ######.
 Venom Bolt               Conj/Pois      #.........   100%        5    ######.
 Yara's Violent Unravell  Hex/Tmut       #.........   100%        5    ######.
 Bolt of Cold             Conj/Ice       #.........   100%        6    #######
 Bolt of Fire             Conj/Fire      #.........   100%        6    #######
 Conjure Ball Lightning   Conj/Air       #.........   100%        6    #######
 Darkness                 Hex            #.........   100%        6    #######
 Death Channel            Necr           #.........   100%        6    #######
 Deflect Missiles         Chrm/Air       #.........   100%        6    #######
 Freezing Cloud           Conj/Ice/Air   #.........   100%        6    #######
 Hydra Form               Tmut           #.........   100%        6    #######
 Invisibility             Hex            #.......     100%        6    #######
 Iron Shot                Conj/Erth      #.........   100%        6    #######
 Ozocubu's Refrigeration  Ice            #.........   100%        6    #######
 Poison Arrow             Conj/Pois      #.........   100%        6    #######
 Simulacrum               Ice/Necr       #.........   100%        6    #######
 Statue Form              Tmut/Erth      #........    100%        6    #######
 Dragon Form              Tmut           #.........   100%        7    #######
 Orb of Destruction       Conj           #.........   100%        7    #######
 Ring of Flames           Chrm/Fire      #.........   100%        7    #######
 Spellforged Servitor     Conj/Summ      #.........   100%        7    #######
 Summon Hydra             Summ           #.........   100%        7    #######
 Chain Lightning          Conj/Air       #.........   100%        8    #######
 Discord                  Hex            #.........   100%        8    #######
 Ignition                 Fire           #.........   100%        8    #######
 Lehudib's Crystal Spear  Conj/Erth      #.........   100%        8    #######
 Fire Storm               Conj/Fire      #.........   100%        9    #######
 Glaciate                 Conj/Ice       #.........   100%        9    #######
 Tornado                  Air            #.........   100%        9    #######


Dungeon Overview and Level Annotations

Branches:
Dungeon (15/15)            Temple (1/1) D:4            Lair (6/6) D:8
  Swamp (4/4) Lair:3       Spider (4/4) Lair:2        Slime (0/5) Lair:5
    Orc (2/2) D:11            Elf (3/3) Orc:2        Vaults (5/5) D:14
  Crypt (3/3) Vaults:3       Tomb (0/3) Crypt:3      Depths (5/5) D:15
   Hell (visited)             Dis (0/7) Hell            Geh (0/7) Hell
    Coc (1/7) Hell            Tar (0/7) Hell            Zot (5/5) Depths:5

Altars:
Ashenzari
Cheibriados
Dithmenos
Elyvilon
Fedhas
Gozag
Hepliaklqana
Kikubaaqudgha
Makhleb
Nemelex Xobeh
Okawaru
Qazlal
Ru
Sif Muna
Trog
Uskayaw
Vehumet
Wu Jian
Xom
Yredelemnul
Zin
The Shining One
Beogh

Shops:
D:4 [   D:11 *   D:15 [   Orc:2 ?}%(:   Vaults:2 [=*   Vaults:4 [
Depths:2 }}=   Depths:3 :

Portals:
Hell: Depths:1 Depths:2 Depths:3 Depths:4 Depths:5
Abyss: Depths:4 Depths:5
Pandemonium: Depths:2 Depths:3
Ziggurat: Depths:4
Trove: D:10 (give 17 potions of curing)

Annotations:
D:15 1 runed translucent door


Innate Abilities, Weirdness & Mutations

You reflexively headbutt those who attack you in melee.
You have a pair of horns on your head.


Message History

You are more poisoned.
You resist. The starcursed mass engulfs you.
* * * LOW HITPOINT WARNING * * *
The starcursed mass engulfs you but does no damage.
The naga spits poison at you.
The splash of poison hits you but does no damage.
You resist.
The starcursed mass engulfs you but does no damage. x2
A starcursed mass splits.
You can move again.
You slice the naga warrior!!
You kill the naga warrior!
Okawaru accepts your kill.
You feel sick.
You block the large abomination's attack.
The smoke demon gestures at you. Something smites you!
* * * LOW HITPOINT WARNING * * *
A deafening chorus of shrieks assaults your mind!
You die...

.. ...§§.§§#...§§§.
.......§§§.§..#.....§§.
.. §..§..§§.§§..... . #
. .§.§§#..#..§.§§ . ..
...§#§.§[..#...§§ .. .
.§.§§...§N.#.§§.§ .
....§§§..§XXN...§§§ .
.. #.§...†.X)N..>§.§ §
. . .§...§..X@XX3.#§.
.. ......§...XX#.§..§#
§.....§§..§§.§§§
§§§...#§...§.#.
..#.§.§...§.#§§..§
..§§..§.§§[..§#... #
...§....§..#.. ...§
§.§§.#


You could see 6 starcursed masses, a salamander, a thrashing horror, a large
abomination, a naga mage, a smoke demon and a naga.

Vanquished Creatures
  An orb of fire (Zot:1)
  A juggernaut (Depths:4)
  3 ancient liches
  The ghost of runemage the Bringer of Light, a legendary GnFi of the Shining One (Zot:3)
  Sojobo (Crypt:1)
  Margery (Depths:5)
  A Killer Klown (Zot:3)
  the Lernaean hydra (Swamp:4)
  Xtahua (Crypt:3)
  9 caustic shrikes
  2 curse toes
  A profane servitor (Crypt:3)
  Geryon (Hell)
  10 golden dragons
  The ghost of Amplified the Bringer of Law, an adept HOWr of Zin (Vaults:2)
  Nikola (Depths:2)
  the Enchantress (D:15)
  3 bone dragons
  3 electric golems
  The ghost of contendunt the Acrobat, an adept MiFi of Okawaru (Swamp:2)
  Arachne (Spider:2)
  Rupert (D:12)
  A hellephant (Abyss:1)
  18 tentacled monstrosities
  A Hell Sentinel (Abyss:1)
  5 Orb Guardians (Zot:5)
  6 liches
  2 deep elf master archers (Elf:3)
  2 deep elf blademasters (Elf:3)
  6 titans
  5 death cobs
  5 quicksilver dragons
  2 ancient champions
  The ghost of rrossfarrar the Sabretooth, an adept FeBe of Trog (Elf:3)
  Agnes (Spider:2)
  5 tentacled starspawn (Abyss:1)
  Kirke (Spider:4)
  12 tengu reavers
  Gastronok (D:10)
  The ghost of xzight the Severer, an adept MiBe of Trog (Swamp:4)
  12 storm dragons
  5 sphinxes
  The ghost of Rod Caur the Severer, an adept HOFi of Beogh (Spider:4)
  9 shadow dragons
  3 thorn hunters
  5 draconian monks
  A revenant (Crypt:2)
  Donald (Spider:2)
  8 fire giants
  8 ghost moths
  13 frost giants
  10 deep elf sorcerers
  The ghost of Kefanin the Geomancer, an adept GrEE of Vehumet (D:15)
  18 vault wardens
  Aizul (Vaults:3)
  2 draconian knights
  2 iron dragons
  Louise (Spider:2)
  An orc warlord (Vaults:1)
  3 draconian stormcallers
  4 spriggan defenders
  11 ghouls
  8 emperor scorpions
  2 angels (Depths:4)
  6 draconian shifters
  4 draconian scorchers
  3 draconian annihilators
  12 entropy weavers
  5 curse skulls
  28 very ugly things
  21 ironheart preservers
  14 large abominations
  3 war gargoyles
  5 deep elf elementalists
  23 stone giants
  4 vampire knights
  6 black draconians
  6 reapers
  5 deep elf demonologists
  10 deep elf annihilators
  7 green draconians
  7 white draconians
  14 spark wasps
  5 red draconians
  11 purple draconians
  12 yellow draconians
  4 eidola (Crypt:3)
  3 merfolk javelineers
  6 deep elf death magi
  21 ettins
  2 blizzard demons (Hell)
  A mummy priest (Crypt:3)
  10 fire dragons
  A crystal guardian (Vaults:4)
  A merfolk impaler (Depths:2)
  2 quicksilver dragon zombies
  5 jiangshi
  9 deep elf high priests
  A naga warrior (Abyss:2)
  17 yaktaur captains
  Fannar (D:11)
  3 hell beasts
  11 ice dragons
  6 great orbs of eyes
  5 rakshasas
  37 vault guards
  2 ghost crabs
  28 hydras
  4 spriggan air magi
  9 centaur warriors
  9 deep troll shamans
  4 alligators
  A shambling mangrove (Swamp:4)
  27 dancing weapons
  22 ogre magi
  Urug (Lair:1)
  6 death knights
  4 tengu warriors
  3 death yaks (Lair:6)
  A queen ant (Spider:1)
  50 two-headed ogres
  7 deep troll earth magi
  9 spriggan berserkers
  3 thrashing horrors (Abyss:1)
  An orc high priest (Elf:3)
  5 vampire magi
  4 hell hogs
  A storm dragon zombie (Crypt:3)
  4 titan zombies
  27 deep elf knights
  5 wretched stars (Abyss:1)
  7 spriggans
  A sun demon (Hell)
  A sixfirhy (Depths:2)
  6 shadow wraiths
  2 iron trolls
  2 soul eaters (Depths:2)
  5 hell knights (Depths:5)
  A fire crab (shapeshifter) (Depths:1)
  40 skeletal warriors
  25 deep trolls
  2 unseen horrors
  A deep troll (shapeshifter) (Depths:2)
  7 flayed ghosts
  7 wizards
  2 anaconda zombies
  5 glowing orange brains
  A kraken simulacrum (Hell)
  28 orc knights
  A spriggan druid (Swamp:2)
  18 ironbrand convokers
  7 necromancers
  9 swamp dragons
  2 tengu zombies (Depths:3)
  3 harpies (Vaults:3)
  77 deep elf magi
  31 phantasmal warriors
  2 wolf spider zombies (Hell)
  14 deep elf archers
  A mana viper (shapeshifter) (Vaults:5)
  4 lindwurms (Lair:6)
  A fire giant zombie (Crypt:3)
  A harpy (shapeshifter) (Vaults:3)
  4 orc sorcerers
  12 orb spiders
  An oklob plant (Lair:1)
  51 ugly things
  4 manticores
  16 moths of wrath
  8 cyclopes
  35 wolf spiders
  2 manticores (shapeshifter)
  7 elephants (Lair:6)
  A stone giant zombie (Crypt:3)
  A worldbinder (Abyss:1)
  3 salamanders
  A fire giant skeleton (Crypt:2)
  2 human skeletons
  2 apocalypse crabs (Abyss:1)
  6 black mambas
  A centaur zombie (D:13)
  A rust devil (Hell)
  A shock serpent zombie (Crypt:3)
  14 vault sentinels
  3 molten gargoyles
  2 ice statues (Hell)
  A guardian serpent (Abyss:2)
  11 smoke demons
  8 torpor snails
  A yaktaur zombie (Vaults:2)
  19 spiny frogs
  3 gargoyles
  3 rime drakes
  A yellow draconian zombie (Crypt:1)
  A tormentor (Abyss:1)
  An efreet (Abyss:1)
  11 komodo dragons
  2 guardian mummies
  2 ice devils
  16 demonic crawlers
  A kobold demonologist (D:14)
  17 freezing wraiths
  A hellion (Hell)
  3 hellwings (Abyss:1)
  4 ancient zymes (Abyss:1)
  43 yaktaurs
  6 red devils
  4 tengu conjurers
  A meliai (shapeshifter) (Elf:3)
  2 polar bears (shapeshifter)
  A yaktaur skeleton (D:15)
  2 hydra zombies
  A polar bear (Lair:2)
  11 trolls
  33 jumping spiders
  A slime creature (shapeshifter) (Depths:2)
  12 tyrant leeches
  2 hydra skeletons (Hell)
  8 raiju
  23 dream sheep
  A shadow dragon simulacrum (Depths:3)
  9 bog bodies
  An ettin zombie (Hell)
  25 hornets
  31 blink frogs
  2 hippogriffs (shapeshifter)
  A meliai zombie (Crypt:2)
  35 slime creatures
  A snapping turtle (shapeshifter) (Elf:3)
  2 centaur simulacra (D:15)
  A satyr zombie (Crypt:1)
  2 fire dragon zombies
  9 flying skulls
  4 vampires
  An ushabti (Crypt:3)
  Sigmund (D:3)
  5 air elementals
  A tarantella (shapeshifter) (Vaults:5)
  43 tarantellas
  12 water elementals
  10 hippogriffs
  5 ynoxinuls (Abyss:1)
  6 shadows
  3 hogs (Spider:4)
  3 fire bats (Abyss:1)
  13 wraiths
  8 wyverns
  78 redbacks
  8 fire elementals
  6 basilisks
  47 yaks
  A fire bat (shapeshifter) (Vaults:2)
  A spriggan (shapeshifter) (Depths:2)
  A neqoxec (Abyss:2)
  A hog (shapeshifter) (Vaults:1)
  4 golden eyes (Abyss:1)
  A steam dragon (D:12)
  3 chaos spawn
  2 hungry ghosts
  13 vampire mosquitoes
  A merfolk zombie (Crypt:3)
  14 wargs
  Menkaure (D:5)
  A swamp worm (shapeshifter) (D:14)
  6 insubstantial wisps (Swamp:1)
  17 swamp worms
  2 soldier ants (Spider:1)
  A two-headed ogre zombie (Crypt:2)
  5 acid dragons
  3 spiny frog zombies
  A hydra simulacrum (Hell)
  22 water moccasins
  A hell hound (Abyss:1)
  10 porcupines
  An ettin simulacrum (Abyss:1)
  21 swamp drakes
  9 ice beasts
  3 snapping turtle zombies
  62 orc warriors
  2 elf zombies
  14 necrophages
  6 sky beasts
  4 spiny frog skeletons
  A black bear (Lair:4)
  3 phantoms
  11 boggarts
  An eye of draining (shapeshifter) (Vaults:4)
  19 centaurs
  27 wolves
  52 ogres
  A swamp dragon skeleton (Crypt:1)
  16 small abominations
  7 human zombies
  13 crocodiles
  Blork the orc (D:5)
  A glowing shapeshifter simulacrum (Vaults:3)
  25 bullfrogs
  5 wyvern skeletons (Crypt:3)
  An earth elemental (Elf:2)
  An elf skeleton (D:15)
  5 scorpions
  A hornet simulacrum (D:15)
  A queen bee zombie (Crypt:1)
  2 tengu skeletons
  8 killer bees
  A swamp dragon simulacrum (Abyss:1)
  20 wights
  A yak skeleton (Crypt:2)
  13 electric eels
  11 howler monkeys
  A bullfrog zombie (D:12)
  2 quasits
  3 jellies (D:10)
  Crazy Yiuf (D:3)
  19 crimson imps
  2 basilisk zombies
  3 hounds
  34 orc wizards
  29 starcursed masses
  2 bullfrog skeletons
  2 centaur skeletons
  19 orc priests
  3 iron imps
  Jessica (D:3)
  5 iguanas
  Natasha (thrice) (D:3)
  18 worker ants
  A dwarf skeleton (Crypt:2)
  A hound zombie (D:6)
  A hound skeleton (D:11)
  4 mummies
  6 gnolls
  13 adders
  A howler monkey skeleton (D:6)
  4 shadow imps
  9 white imps
  5 ufetubi
  6 oozes
  An adder skeleton (D:4)
  An adder zombie (D:8)
  2 worms
  A dart slug (D:1)
  2 leopard geckos
  146 orcs
  6 giant cockroaches
  7 goblins
  9 hobgoblins
  11 jackals
  3 quokkas
  2 ball pythons
  8 bats
  3 frilled lizards
  3 jackal zombies
  5 kobolds
  An orc zombie (D:15)
  2 quokka skeletons
  A quokka zombie (D:6)
  7 rats
  2 briar patches (Swamp:4)
  2 plants (Lair:1)
  3 starspawn tentacles (Abyss:1)
  A tentacle (Hell)
  4 withered plants
2880 creatures vanquished.

Vanquished Creatures (others)
  Bai Suzhen (Crypt:1)
  A draconian knight (Zot:2)
  4 stone giants
  Nessos (D:15)
  A yellow draconian (Zot:3)
  Erolcha (D:10)
  3 yaktaur captains
  An ice dragon (Depths:1)
  2 centaur warriors
  A tengu warrior (Depths:1)
  A spriggan berserker (Depths:4)
  4 deep elf knights
  A skeletal warrior (D:15)
  9 deep elf archers
  2 cyclopes (Vaults:2)
  14 yaktaurs
  A jumping spider (Spider:2)
  A hornet (Swamp:4)
  A water elemental (Elf:2)
  2 humans (Spider:4)
  2 insubstantial wisps (Swamp:1)
  A spiny frog zombie (Hell)
  An orc warrior (Vaults:1)
  A boggart (Vaults:2)
  2 ogres
  5 centaurs (Vaults:2)
  A wight (D:14)
  An orc wizard (D:7)
  A worker ant (Spider:1)
  3 orcs
  A quokka (D:4)
  A briar patch (Swamp:4)
  4 fungi
  12 plants
  12 starspawn tentacles (Abyss:1)
  3 tentacles (Hell)
  7 withered plants (Crypt:3)
110 creatures vanquished.

Grand Total: 2990 creatures vanquished

Notes
Turn   | Place    | Note
-------+----------+-------------------------------------------
     0 | D:1      | Peloso the Minotaur Fighter began the quest for the Orb.
     0 | D:1      | Reached XP level 1. HP: 19/19 MP: 0/0
   232 | D:1      | Reached XP level 2. HP: 26/27 MP: 1/1
   515 | D:1      | Reached XP level 3. HP: 24/33 MP: 2/2
   881 | D:2      | Reached XP level 4. HP: 28/40 MP: 3/3
   915 | D:2      | Found a sparkling altar of Nemelex Xobeh.
   916 | D:2      | Found an opulent altar of Gozag.
  1176 | D:2      | Reached XP level 5. HP: 46/46 MP: 4/4
  1541 | D:3      | Reached skill level 1 in Dodging
  1544 | D:3      | Noticed Jessica
  1574 | D:3      | Killed Jessica
  1574 | D:3      | Reached skill level 5 in Armour
  1596 | D:3      | Noticed Sigmund
  1607 | D:3      | Killed Sigmund
  1607 | D:3      | Reached skill level 5 in Shields
  1607 | D:3      | Reached XP level 6. HP: 28/53 MP: 5/5
  1622 | D:3      | Noticed Natasha
  1635 | D:3      | Killed Natasha
  1635 | D:3      | Reached skill level 5 in Long Blades
  1966 | D:3      | Noticed Natasha
  1970 | D:3      | Killed Natasha
  2131 | D:3      | Noticed Natasha
  2137 | D:3      | Killed Natasha
  2159 | D:3      | Found a runed translucent door.
  2160 | D:3      | Noticed Crazy Yiuf
  2254 | D:3      | Found a shimmering blue altar of Sif Muna.
  2346 | D:3      | Killed Crazy Yiuf
  2420 | D:4      | Found a staircase to the Ecumenical Temple.
  2436 | D:4      | Reached XP level 7. HP: 33/60 MP: 6/6
  2446 | Temple   | Entered the Ecumenical Temple
  2539 | D:4      | Found an iron altar of Okawaru.
  2577 | D:4      | Became a worshipper of Warmaster Okawaru
  2662 | D:4      | Found Ennaa's Antique Armour Shoppe.
  2761 | D:4      | Found a white marble altar of Elyvilon.
  2789 | D:4      | Found a transporter.
  2825 | D:4      | Found a transporter.
  3450 | D:4      | Found a burning altar of Makhleb.
  3855 | D:5      | Entered Level 5 of the Dungeon
  3883 | D:5      | Noticed Menkaure
  3893 | D:5      | Killed Menkaure
  3893 | D:5      | Reached * piety under Okawaru
  3893 | D:5      | Reached skill level 5 in Fighting
  4171 | D:5      | Reached XP level 8. HP: 68/68 MP: 7/7
  4298 | D:5      | Noticed Blork the orc
  4313 | D:5      | Killed Blork the orc
  4901 | D:5      | Reached ** piety under Okawaru
  5197 | D:6      | Reached XP level 9. HP: 55/75 MP: 8/8
  5307 | D:6      | Reached *** piety under Okawaru
  5516 | D:6      | Found a sacrificial altar of Ru.
  5517 | D:6      | Found a hide-covered altar of Uskayaw.
  6214 | D:7      | Reached **** piety under Okawaru
  6596 | D:7      | Reached skill level 10 in Long Blades
  6778 | D:8      | Reached XP level 10. HP: 75/86 MP: 9/9
  7231 | D:8      | Noticed a two-headed ogre
  7249 | D:8      | Killed a two-headed ogre
  7272 | D:8      | Reached skill level 10 in Shields
  7283 | D:8      | Received a gift from Okawaru
  7336 | D:8      | Identified Cupric's Reference Book on Moulding
  7482 | D:8      | Reached skill level 10 in Armour
  7526 | D:8      | Noticed a two-headed ogre
  7559 | D:8      | Killed a two-headed ogre
  7559 | D:8      | Reached ***** piety under Okawaru
  7984 | D:8      | Received a gift from Okawaru
  8025 | D:8      | Found a staircase to the Lair.
  8195 | D:9      | Reached XP level 11. HP: 80/95 MP: 10/10
  9196 | D:10     | Entered Level 10 of the Dungeon
  9267 | D:10     | Noticed Erolcha
  9271 | D:10     | Paralysed by Erolcha for 7 turns
  9278 | D:10     | Killed Erolcha
  9950 | D:10     | Received a gift from Okawaru
  9954 | D:10     | Got an ichor-stained scimitar {god gift}
  9955 | D:10     | Identified the +8 scimitar "Derphumm" {drain, rPois rC+}
                  | (Okawaru gifted it to you on level 10 of the Dungeon)
 10270 | D:10     | Found a portal to a secret trove of treasure.
 10272 | D:10     | Noticed Gastronok
 10284 | D:10     | Killed Gastronok
 10811 | D:11     | Received a gift from Okawaru
 10946 | D:11     | Noticed a cyan ugly thing
 10951 | D:11     | Killed a cyan ugly thing
 11369 | D:11     | You fall into a shaft and drop 3 floors!
 11425 | D:14     | Reached XP level 12. HP: 93/106 MP: 11/11
 11585 | D:13     | You fall into a shaft and drop 2 floors!
 11585 | D:15     | Entered Level 15 of the Dungeon
 12061 | D:13     | Received a gift from Okawaru
 12061 | D:13     | Reached skill level 10 in Fighting
 12337 | D:13     | Reached skill level 1 in Invocations
 12366 | D:13     | Got a warped scale mail
 12480 | D:13     | Identified the +6 scale mail "Oguatej" {-Cast Regen+ rCorr
                  | Slay-2} (You found it on level 13 of the Dungeon)
 12718 | D:12     | Received a gift from Okawaru
 13343 | D:11     | Found a staircase to the Orcish Mines.
 13397 | D:11     | Noticed Fannar
 13412 | D:11     | Killed Fannar
 13412 | D:11     | Reached XP level 13. HP: 112/116 MP: 13/13
 13433 | D:11     | Reached ****** piety under Okawaru
 13483 | D:11     | Found Iviusaih's Pet Rocks.
 14217 | D:12     | Noticed Rupert
 14238 | D:12     | Killed Rupert
 14506 | Lair:1   | Entered Level 1 of the Lair of Beasts
 14512 | Lair:1   | Reached skill level 15 in Long Blades
 15289 | D:14     | Received a gift from Okawaru
 15583 | D:14     | Noticed a cyan very ugly thing
 15605 | D:14     | Killed a cyan very ugly thing
 15922 | D:14     | Found a gate to the Vaults.
 16147 | Orc:1    | Entered Level 1 of the Orcish Mines
 16382 | Orc:1    | Reached skill level 1 in Stealth
 16415 | Orc:1    | Received a gift from Okawaru
 16418 | Orc:1    | Got a warped crystal plate armour {god gift}
 16484 | Orc:1    | Identified the +1 crystal plate armour of Ceqyniw {Slay+5}
                  | (Okawaru gifted it to you on level 1 of the Orcish Mines)
 16829 | Orc:2    | Entered Level 2 of the Orcish Mines
 17096 | Orc:2    | Found a staircase to the Elven Halls.
 17509 | Orc:2    | Reached XP level 14. HP: 38/127 MP: 11/14
 18162 | Orc:2    | Found Oghubbuv's Magic Scroll Shoppe.
 18162 | Orc:2    | Found Luergh's Gadget Boutique.
 18167 | Orc:2    | Bought a scroll of fog for 32 gold pieces
 18193 | Orc:2    | Bought a scroll of enchant armour for 120 gold pieces
 18193 | Orc:2    | Bought a scroll of identify for 32 gold pieces
 18193 | Orc:2    | Bought a scroll of identify for 32 gold pieces
 18230 | Orc:2    | Reached skill level 15 in Shields
 18241 | Orc:2    | Found a roughly hewn altar of Beogh.
 18249 | Orc:2    | Found Xomnaurgh's Weapon Boutique.
 18249 | Orc:2    | Found Picwalev's Food Shoppe.
 18421 | Orc:2    | Found Bak Zeom's Book Emporium.
 18510 | Orc:2    | Identified 3 scrolls of acquirement
 18971 | Lair:1   | Noticed Urug
 18983 | Lair:1   | Killed Urug
 19100 | Lair:1   | Found a blossoming altar of Fedhas.
 19819 | Orc:2    | Reached skill level 1 in Evocations
 19865 | Orc:2    | Bought a scroll of identify for 32 gold pieces
 20362 | D:11     | Bought a wand of digging (6) for 200 gold pieces
 20723 | Lair:2   | Found a hole to the Spider Nest.
 20793 | Lair:2   | Received a gift from Okawaru
 21694 | Lair:3   | Found a staircase to the Swamp.
 22020 | Lair:3   | Reached skill level 15 in Armour
 23413 | Lair:5   | Received a gift from Okawaru
 23452 | Lair:5   | Got an ancient falchion {god gift}
 23453 | Lair:5   | Identified the +8 falchion of Huargh {flame, Str+2 Int+4
                  | Stlth-} (Okawaru gifted it to you on level 5 of the Lair of
                  | Beasts)
 23674 | Lair:6   | Entered Level 6 of the Lair of Beasts
 23734 | Lair:5   | Reached XP level 15. HP: 84/136 MP: 15/15
 23930 | Lair:5   | Found a staircase to the Slime Pits.
 24322 | Lair:6   | Got a bloodstained plate armour
 24823 | Lair:6   | Received a gift from Okawaru
 25133 | Lair:6   | Found a runed translucent door.
 25610 | Lair:6   | Identified the cursed +1 plate armour of Siosump {rN+ rCorr
                  | Int+5} (You found it on level 6 of the Lair of Beasts)
 25977 | D:11     | Bought a wand of digging (2) for 120 gold pieces
 26387 | Swamp:1  | Entered Level 1 of the Swamp
 27467 | Swamp:2  | Got a slimy scale mail
 27470 | Swamp:2  | Identified the +2 scale mail of Zegud {rC- Int+5} (You
                  | found it on level 2 of the Swamp)
 27790 | Swamp:2  | Reached XP level 16. HP: 147/147 MP: 16/16
 27797 | Swamp:2  | Found a runed translucent gate.
 27798 | Swamp:2  | Found a runed translucent gate.
 27799 | Swamp:2  | Found a runed translucent gate.
 27799 | Swamp:2  | Noticed contendunt's ghost (adept MiFi)
 27872 | Swamp:2  | Killed contendunt's ghost
 27884 | Swamp:2  | Identified the Collected Works on Toxic Shape Shifting
 28645 | Swamp:3  | Noticed a thorn hunter
 28658 | Swamp:3  | Killed a thorn hunter
 29070 | Swamp:4  | Entered Level 4 of the Swamp
 29130 | Swamp:4  | Noticed a thorn hunter
 29144 | Swamp:4  | Killed a thorn hunter
 29155 | Swamp:4  | Received a gift from Okawaru
 29689 | Swamp:4  | Noticed a thorn hunter
 29707 | Swamp:4  | Noticed the 27-headed Lernaean hydra
 29710 | Swamp:4  | Killed a thorn hunter
 29710 | Swamp:4  | Reached skill level 15 in Fighting
 30396 | Swamp:4  | Killed the 23-headed Lernaean hydra
 31099 | Swamp:4  | Found a runed translucent gate.
 31100 | Swamp:4  | Found a runed translucent gate.
 31100 | Swamp:4  | Found a runed translucent gate.
 31104 | Swamp:4  | Noticed xzight's ghost (adept MiBe)
 31149 | Swamp:4  | Killed xzight's ghost
 31399 | Swamp:4  | Got a translucent leather armour
 31725 | Swamp:4  | Got a decaying rune of Zot
 32243 | Lair:1   | Identified the +2 leather armour of the Vestibule of Hell
                  | {rPois Regen+ MP-9} (You found it on level 4 of the Swamp)
 32428 | Spider:1 | Entered Level 1 of the Spider Nest
 32484 | Spider:1 | HP: 7/149 [disintegration (45)]
 32996 | Lair:2   | Received a gift from Okawaru
 33009 | Lair:2   | Got a pitted large shield {god gift}
 33015 | Lair:2   | Identified the +11 large shield "Cuqeh" {rPois rC+ MR+
                  | Int+4} (Okawaru gifted it to you on level 2 of the Lair of
                  | Beasts)
 33038 | Spider:1 | Reached XP level 17. HP: 119/156 MP: 18/18
 34417 | Spider:2 | Noticed Agnes
 34432 | Spider:2 | Killed Agnes
 35143 | Spider:2 | Noticed Arachne
 35171 | Spider:2 | Killed Arachne
 35288 | Spider:2 | Received a gift from Okawaru
 35289 | Spider:2 | Noticed Louise
 35295 | Spider:2 | Killed Louise
 35363 | Spider:2 | Noticed Donald
 35368 | Spider:2 | Killed Donald
 36244 | Spider:4 | Entered Level 4 of the Spider Nest
 36324 | Spider:3 | Found a transporter.
 36766 | Spider:3 | Found a transporter.
 36874 | Spider:3 | Received a gift from Okawaru
 36904 | Spider:3 | Got a pitted cloak {god gift}
 36996 | Spider:3 | Identified the +0 cloak of Atheism {rPois} (Okawaru gifted
                  | it to you on level 3 of the Spider Nest)
 37319 | Spider:4 | Found a runed translucent gate.
 37320 | Spider:4 | Found a runed translucent gate.
 37831 | Spider:4 | Found a runed translucent gate.
 37831 | Spider:4 | Noticed Rod Caur's ghost (adept HOFi)
 37881 | Spider:4 | Reached XP level 18. HP: 166/166 MP: 17/19
 37930 | Spider:4 | Noticed Kirke
 37954 | Spider:4 | Killed Kirke
 38342 | Spider:4 | Received a gift from Okawaru
 38356 | Spider:4 | Identified a +0 pair of boots of running (Okawaru gifted it
                  | to you on level 4 of the Spider Nest)
 38441 | Spider:4 | Got a gossamer rune of Zot
 38598 | Spider:4 | Killed Rod Caur's ghost
 39153 | Elf:1    | Entered Level 1 of the Elven Halls
 39926 | Elf:1    | Identified Heasch Utobe's Incunabulum of Calling
 41362 | Elf:2    | Received a gift from Okawaru
 41637 | Elf:2    | Found a runed translucent gate.
 41637 | Elf:2    | Found a runed translucent gate.
 41637 | Elf:2    | Found a runed translucent gate.
 41851 | Elf:3    | Entered Level 3 of the Elven Halls
 42422 | Elf:3    | Reached XP level 19. HP: 174/174 MP: 20/20
 42830 | Elf:3    | Identified the ring "Vupn" {rPois rF+ Str-2 Stlth+}
 43684 | Elf:3    | Received a gift from Okawaru
 44026 | Elf:3    | Identified the +6 spear "Dofaebb" {pierce, rElec Int+4
                  | Dex+4}
 44026 | Elf:3    | Identified the ring "Deri" {rPois rC+ Str+4}
 44071 | Elf:3    | Identified the cursed ring "Mitsyim" {rElec rC- Int+2
                  | Dex-3}
 44336 | Elf:3    | Identified the +1 robe "Geotz" {rCorr}
 44336 | Elf:3    | Identified the amulet "Neamoshrugy" {RegenMP rPois Str-4
                  | Int+3}
 44394 | Elf:3    | Identified Cirus's Papyrus of Lethal Poison
 44430 | Elf:3    | Identified the Papyrus of Enthralling Flight
 44436 | Elf:3    | Identified the Incunabulum of the Snowflakes and Clay
 45318 | Elf:3    | Found a large runed translucent door.
 45318 | Elf:3    | Found a large runed translucent door.
 45318 | Elf:3    | Noticed rrossfarrar's ghost (adept FeBe)
 45367 | Elf:3    | Killed rrossfarrar's ghost
 46309 | Vaults:1 | Entered Level 1 of the Vaults
 46485 | Vaults:1 | Received a gift from Okawaru
 46678 | Vaults:1 | Reached XP level 20. HP: 148/187 MP: 21/21
 48254 | Vaults:2 | Received a gift from Okawaru
 48437 | Vaults:2 | Found Ajurub's Jewellery Shoppe.
 48447 | Vaults:2 | Bought a cursed amulet of inaccuracy for 24 gold pieces
 48696 | Vaults:2 | Found Kietay's Antique Armour Boutique.
 48875 | Vaults:2 | Found Gitore's Assorted Antiques.
 48925 | Vaults:2 | Bought a steaming chain mail for 370 gold pieces
 48926 | Vaults:2 | Identified the +11 chain mail "Micixkim" {rC+ MR+ Str-5
                  | Dex+3} (You bought it in a shop on level 2 of the Vaults)
 49164 | Vaults:2 | Reached XP level 21. HP: 164/195 MP: 22/22
 49263 | Vaults:2 | Found a runed translucent gate.
 49263 | Vaults:2 | Found a runed translucent gate.
 49263 | Vaults:2 | Found a runed translucent gate.
 49265 | Vaults:2 | Noticed Amplified's ghost (adept HOWr)
 50507 | Vaults:3 | Received a gift from Okawaru
 50534 | Vaults:3 | Noticed Aizul
 50540 | Vaults:3 | Killed Aizul
 50745 | Vaults:3 | Reached skill level 27 in Shields
 50984 | Vaults:3 | Received a gift from Okawaru
 51490 | Vaults:3 | Received a gift from Okawaru
 51493 | Vaults:3 | Got a dazzling shield {god gift}
 51504 | Vaults:3 | Identified the +2 shield "Kasiklisarph" {rC++ Str+3 Int+3}
                  | (Okawaru gifted it to you on level 3 of the Vaults)
 51723 | Vaults:3 | Found a staircase to the Crypt.
 52291 | Vaults:4 | Found Arupn's Antique Armour Shop.
 52364 | Vaults:4 | Reached XP level 22. HP: 209/209 MP: 23/23
 52750 | Vaults:4 | Received a gift from Okawaru
 53509 | Vaults:5 | Entered Level 5 of the Vaults
 53610 | Vaults:4 | Received a gift from Okawaru
 53865 | Vaults:4 | Received a gift from Okawaru
 54612 | Vaults:5 | Noticed a golden dragon
 54631 | Vaults:5 | Killed a golden dragon
 55629 | Vaults:5 | Noticed a golden dragon
 55643 | Vaults:5 | Killed a golden dragon
 55643 | Vaults:5 | Reached XP level 23. HP: 138/221 MP: 24/24
 55653 | Vaults:5 | Found the +2 shield of Resistance {rF+ rC+ MR+}
 55672 | Vaults:5 | Got a silver rune of Zot
 55678 | Vaults:5 | Identified Sif Muna's Almanac of Fetching Conjuration
 56016 | Vaults:5 | Identified the Papyrus of Floating Conjuration
 56259 | Vaults:5 | Received a gift from Okawaru
 56262 | Vaults:5 | Got a pitted shield {god gift}
 56324 | Vaults:5 | Noticed an ancient lich
 56334 | Vaults:5 | Killed an ancient lich
 56560 | Vaults:5 | Noticed an ancient lich
 56572 | Vaults:5 | Killed an ancient lich
 56717 | Vaults:5 | Paralysed by a floating eye for 2 turns
 58154 | Lair:1   | Identified the +3 shield "Yging" {Str+3} (Okawaru gifted it
                  | to you on level 5 of the Vaults)
 58666 | D:15     | Found a runed translucent door.
 58678 | D:15     | Noticed Kefanin's ghost (adept GrEE)
 58682 | D:15     | Found a runed translucent door.
 58765 | D:15     | Found a staircase to the Depths.
 58805 | D:15     | Found Moyzxi's Antique Armour Shoppe.
 58838 | D:15     | Bought a polished plate armour for 924 gold pieces
 58839 | D:15     | Identified the +6 plate armour of the Monk {rC+ Regen+
                  | Stlth+} (You bought it in a shop on level 15 of the
                  | Dungeon)
 58872 | D:15     | Noticed Nessos
 58877 | D:15     | Killed Nessos
 58968 | D:15     | Found a basalt altar of Yredelemnul.
 59474 | D:15     | Killed Kefanin's ghost
 59566 | Depths:1 | Entered Level 1 of the Depths
 59577 | Depths:1 | Noticed the Enchantress
 59837 | D:15     | Killed the Enchantress
 59983 | Depths:1 | Received a gift from Okawaru
 60450 | Depths:1 | Reached XP level 24. HP: 232/235 MP: 24/24
 60610 | Depths:1 | Received a gift from Okawaru
 60631 | Depths:1 | Found a gateway to Hell.
 61506 | Vaults:2 | Paralysed by the power of Zot for 4 turns
 61537 | Vaults:2 | Killed Amplified's ghost
 61569 | Vaults:2 | Got a pair of encrusted boots
 61588 | Vaults:2 | Identified the cursed +0 pair of boots of Indemnity {rC+
                  | Slay-4 Stlth+} (You found it on level 2 of the Vaults)
 61888 | Depths:2 | Found a one-way gate leading to the halls of Pandemonium.
 61963 | Depths:2 | Noticed Nikola
 62004 | Depths:2 | Killed Nikola
 62484 | Depths:2 | Found Iru Afo's Jewellery Shop.
 62485 | Depths:2 | Found Zogg's Gadget Shoppe.
 62485 | Depths:2 | Found Povuegg's Gadget Shoppe.
 62610 | Depths:2 | Received a gift from Okawaru
 62618 | Depths:2 | Got a transparent scimitar {god gift}
 62619 | Depths:2 | Identified the +5 scimitar "Eqaynimu" {slice, rF+ rN+}
                  | (Okawaru gifted it to you on level 2 of the Depths)
 64493 | Depths:3 | Found Dopneofy's Book Emporium.
 64583 | Depths:3 | Received a gift from Okawaru
 64882 | Depths:4 | Found a one-way gate to the infinite horrors of the Abyss.
 65008 | Depths:4 | Identified the +0 spear of Joyful Slaughter {venom, +Fly}
 65030 | Depths:4 | Reached XP level 25. HP: 154/247 MP: 15/25
 65184 | Depths:4 | Found a hazy altar of Hepliaklqana.
 65312 | Depths:4 | Identified Sif Muna's Disquisition on Quantum Darkness
 65391 | Depths:4 | Noticed a juggernaut
 65420 | Depths:4 | Killed a juggernaut
 65434 | Depths:4 | Received a gift from Okawaru
 65946 | Depths:4 | Received a gift from Okawaru
 66244 | Depths:4 | Received a gift from Okawaru
 66571 | Depths:4 | Found a gateway to a ziggurat.
 67088 | Depths:4 | Identified the Almanac of the Blaze
 67114 | Depths:5 | Entered Level 5 of the Depths
 67470 | Depths:5 | Found a gate to the Realm of Zot.
 67779 | Depths:5 | Noticed Margery
 67798 | Depths:5 | Killed Margery
 68356 | Depths:5 | Identified the amulet "Plog" {Gourm Str+4}
 68482 | Depths:5 | Reached XP level 26. HP: 260/260 MP: 25/25
 69685 | Crypt:1  | Entered Level 1 of the Crypt
 69985 | Crypt:1  | Noticed Sojobo
 70026 | Crypt:1  | Killed Sojobo
 70026 | Crypt:1  | Received a gift from Okawaru
 70791 | Crypt:1  | Noticed Bai Suzhen
 70811 | Crypt:1  | Killed Bai Suzhen
 71485 | Crypt:3  | Entered Level 3 of the Crypt
 71575 | Crypt:2  | Reached skill level 27 in Long Blades
 72047 | Crypt:2  | Received a gift from Okawaru
 72619 | Crypt:3  | Found a basalt altar of Yredelemnul.
 72655 | Crypt:3  | Reached skill level 27 in Fighting
 72851 | Crypt:3  | Found the +8 demon blade "Bloodbane" {slice, *Rage +Rage
                  | Stlth-}
 72912 | Crypt:3  | Got an iridescent spear
 72913 | Crypt:3  | Identified the cursed +2 spear "Qaesap" {holy, rC- Int+7}
                  | (You found it on level 3 of the Crypt)
 72918 | Crypt:3  | Got a faintly humming ring mail
 72919 | Crypt:3  | Identified the +1 ring mail of Darkness {rPois rF- rCorr
                  | Slay+3} (You found it on level 3 of the Crypt)
 73198 | Crypt:3  | Found a staircase to the Tomb.
 73569 | Crypt:3  | Received a gift from Okawaru
 73793 | Crypt:3  | Noticed Xtahua
 73802 | Crypt:3  | Killed Xtahua
 75049 | Vaults:2 | Bought the +9 scales of the Dragon King {rPois rF+ rC+ MR+}
                  | for 5491 gold pieces
 75049 | Vaults:2 | Found the +9 scales of the Dragon King {rPois rF+ rC+ MR+}
 75260 | Vaults:4 | Bought a bronze plate armour for 980 gold pieces
 75273 | Vaults:4 | Identified the +8 plate armour of Vampiric Thralls {Regen+
                  | Int+4 Dex-3} (You bought it in a shop on level 4 of the
                  | Vaults)
 75887 | Zot:1    | Entered Level 1 of the Realm of Zot
 75986 | Zot:1    | Noticed an orb of fire
 76021 | Zot:1    | Killed an orb of fire
 76028 | Zot:1    | Reached skill level 5 in Invocations
 76611 | Zot:1    | Reached XP level 27. HP: 200/270 MP: 22/25
 76620 | Zot:1    | Reached skill level 5 in Evocations
 76886 | Zot:1    | Received a gift from Okawaru
 76892 | Zot:1    | Got a fine crystal plate armour {god gift}
 76903 | Zot:1    | Identified the +9 crystal plate armour "Vifrodi" {Int+7
                  | Dex-4} (Okawaru gifted it to you on level 1 of the Realm of
                  | Zot)
 78757 | Zot:1    | Got a pair of warped boots
 78768 | Zot:1    | Identified the +2 pair of boots "Puts" {+Fly Dex+5 Stlth-}
                  | (You acquired it on level 1 of the Realm of Zot)
 81304 | Zot:3    | Found a runed translucent door.
 81305 | Zot:3    | Noticed runemage's ghost (legendary GnFi)
 81881 | Zot:3    | Reached skill level 27 in Armour
 82625 | Zot:4    | Found the +0 mask of the Dragon {MR+ Slay+3 SInv}
 82629 | Zot:4    | Found a transporter.
 82676 | Zot:4    | Got a brightly glowing broad axe
 82677 | Zot:4    | Identified the +9 broad axe of Defence by Offence {chaos,
                  | rC+ Int+2 SInv} (You found it on level 4 of the Realm of
                  | Zot)
 82796 | Zot:4    | Received a gift from Okawaru
 83110 | Zot:4    | Found a transporter.
 83364 | Zot:4    | HP: 13/268 [poisoned by a ghost moth]
 83369 | Zot:4    | HP: 9/268 [poisoned by a ghost moth]
 83374 | Zot:4    | HP: 8/268 [poisoned by a ghost moth]
 83379 | Zot:4    | HP: 8/268 [poisoned by a ghost moth]
 83386 | Zot:4    | HP: 10/268 [poisoned by a ghost moth]
 83394 | Zot:4    | HP: 12/268 [poisoned by a ghost moth]
 84539 | Zot:4    | Got a coiled diamond amulet
 84540 | Zot:4    | Identified the amulet "Ityts" {Reflect +Fly rC+ rN+ MR+
                  | SH+2} (You found it on level 4 of the Realm of Zot)
 85913 | Zot:3    | Killed runemage's ghost
 85913 | Zot:3    | Reached skill level 5 in Stealth
 85957 | Zot:5    | Entered Level 5 of the Realm of Zot
 86076 | Zot:5    | Reached skill level 10 in Invocations
 86080 | Zot:5    | Received a gift from Okawaru
 86109 | Zot:5    | Got a pair of twisted boots {god gift}
 86110 | Zot:5    | Identified the +0 pair of boots of Cevok {MR+ Dex+4}
                  | (Okawaru gifted it to you on level 5 of the Realm of Zot)
 86310 | Hell     | Entered the Vestibule of Hell
 86316 | Hell     | Noticed Geryon
 86333 | Hell     | Killed Geryon
 86405 | Hell     | Found a gateway to the Iron City of Dis.
 86530 | Hell     | Found a gateway to the freezing wastes of Cocytus.
 86657 | Hell     | Found a gateway to the decaying netherworld of Tartarus.
 86892 | Hell     | Found a gateway to the ashen valley of Gehenna.
 90529 | Depths:2 | Bought a wand of digging (6) for 200 gold pieces
 92414 | Coc:1    | Entered Level 1 of Cocytus
 92528 | Depths:5 | Voluntarily entered the Abyss.
 92528 | Abyss:1  | Found a corrupted altar of Lugonu.
 92779 | Abyss:1  | Received a gift from Okawaru
 92782 | Abyss:1  | Got a translucent hand crossbow {god gift}
 93246 | Depths:5 | Escaped the Abyss
 93328 | Depths:5 | Voluntarily entered the Abyss.
 93332 | Abyss:1  | Found a corrupted altar of Lugonu.
 93444 | Abyss:1  | Paralysed by accursed screaming for 1 turns
 93491 | Abyss:1  | Found a corrupted altar of Lugonu.
 93550 | Abyss:1  | Noticed an ancient lich
 93558 | Abyss:1  | Killed an ancient lich
 93622 | Abyss:1  | Paralysed by accursed screaming for 1 turns
 93707 | Abyss:1  | Received a gift from Okawaru
 94046 | Abyss:2  | Found a corrupted altar of Lugonu.
 94193 | Abyss:2  | HP: 8/273 [starcursed mass/accursed screaming (11)]
 94197 | Abyss:2  | Paralysed by accursed screaming for 1 turns
 94199 | Abyss:2  | HP: 2/273 [smoke demon/divine providence (13)]
 94199 | Abyss:2  | Killed from afar by a starcursed mass

Levels and vault maps discovered:
D:1:      psy_arrival_whirlpool, layout_loops_corners
D:2:      layout_loops_ring, grunt_temple_overflow_opulence
D:3:      layout_rooms, tgw_sif, uniq_sigmund, uniq_crazy_yiuf_cottage,
          uniq_jessica, uniq_natasha
D:4:      gammafunk_steamed_eel, layout_cave_pods, okawaru_ov_weapons_minmay,
          elyvilon_altar_4, minmay_temple_entry_statues_fountains, first_ration,
          serial_shops, shop, makhleb_blood_cavern_becter
D:5:      layout_gridville, uniq_menkaure, uniq_blork_the_orc
D:6:      layout_loops_ring, minitemple
D:7:      layout_loops_ring
D:8:      layout_rooms, erik_lair_dragon, special_room [special_room_orc]
D:9:      layout_stronghold
D:10:     layout_cave_pods, enter_trove_2, hangedman_little_slice_of_home,
          uniq_gastronok, uniq_erolcha
D:11:     layout_basic, orc_0_dummy, minmay_misc_feat_rugged,
          guppyfry_shop_earth, uniq_fannar
D:12:     layout_basic, uniq_rupert
D:13:     layout_gridville
D:14:     layout_roguey, david_vaults_5, minmay_staircase_bubble
D:15:     gammafunk_depths_entry_grave, layout_cross,
          muffindrake_ghost_dual_entry, serial_shops, shop,
          lemuel_mausoleum_altar_yredelemnul, uniq_nessos
Temple:   eino_temple_water
Lair:1:   layout_roguey, chequers_serial_rivers_small_b, tgw_fedhas,
          grunt_megastairs_4, uniq_urug
Lair:2:   layout_regular_city, nicolae_spider_entry_non_spiders,
          serial_bayou_shore_a, grunt_megastairs_1
Lair:3:   layout_roguey, minmay_swamp_entry_eels, infiniplex_staircase_pool
Lair:4:   layout_layer_cave, serial_bayou, serial_bayou_ford_a,
          serial_bayou_pond_d, serial_bayou_shore_b, serial_bayou_pond_d,
          lemuel_fruit_tree
Lair:5:   layout_gridlike, slime_dummy, lemuel_fruit_fields
Lair:6:   wormcave, layout_hall_layers, hangedman_lair_in_review
Swamp:1:  layout_basic_swamp, evilmike_swamp_ruin_rubble_1
Swamp:2:  layout_basic_swamp, ebering_ghost_rock_garden, serial_swamp_ruin,
          evilmike_swamp_ruin_house_1, evilmike_swamp_ruin_rubble_2
Swamp:3:  layout_falls_marsh, evilmike_swamp_ruin_house_3
Swamp:4:  swamp_old_school, layout_basic_swamp, gammafunk_ghost_hydra_chop,
          swamp_pool5, nicolae_swamp_trees_clearing
Spider:1: layout_spider_delve, drop_trap, minmay_another_anthill
Spider:2: layout_spider_delve, guppyfry_spider_mini_1, uniq_louise, uniq_agnes,
          uniq_arachne, uniq_donald
Spider:3: gammafunk_the_bubble [the_bubble_gammafunk_split]
Spider:4: grunt_spider_rune_circles, gammafunk_ghost_split,
          nicolae_spider_webbed_stairs, uniq_kirke
Orc:1:    layout_diamond_mine
Orc:2:    st_orc_town, layout_diamond_mine, serial_shops,
          nicolae_shop_waterfront, mines5_lemuel
Elf:1:    layout_geoelf_diagonals, minmay_elf_demonology,
          ebering_dispersal_statue_hall, minmay_misc_feat_cross
Elf:2:    layout_onion_city, nicolae_elf_glass_and_crystal_pillar_1,
          minivault_28
Elf:3:    minmay_elf_hall_x, layout_loops_corners, ebering_ghost_disaster_area,
          drop_trap
Vaults:1: v_misc_25, nicolae_vaults_lopsided_apartments,
          nicolae_vaults_mini_display_case, v_misc_33, vaults_room_fours,
          v_misc_19, nicolae_vaults_specimen_jars, serial_ice_m,
          layout_vaults_omnigrid
Vaults:2: gammafunk_vaults_ghost_tricky_traps,
          nicolae_vaults_diagonal_hallway_6, dpeg_vaults_monster_row,
          hangedman_vaults_corner, v_pattern_2, vaults_mumra_hexcomb,
          v_alt_pattern_3, v_misc_1, grunt_vaults_hallway_long,
          nicolae_vaults_alarming, v_misc_13, nicolae_vaults_little_squares_1,
          grunt_vaults_hallway_long, vaults_room_hangedman_quadrants,
          nicolae_vaults_asterisk, layout_vaults_ring, serial_shops, shop,
          nicolae_shop_statue_plus, nicolae_shop_trees
Vaults:3: ontoclasm_vaults_eye, ontoclasm_vaults_shout, nicolae_vaults_big_ls,
          ontoclasm_vaults_gateway, minmay_crypt_entry_nasty_monster,
          v_pattern_4, v_misc_12, vaults_room_stairs_pillars, vaults_room_pool,
          ontoclasm_vaults_shuriken, ontoclasm_vaults_hangar, v_misc_26,
          nicolae_vaults_little_squares_1, vaults_mumra_minichess_inversion,
          layout_vaults_omnicross, uniq_aizul
Vaults:4: vaults_room_pool, nicolae_vaults_little_squares_4,
          vaults_mumra_minichess, ontoclasm_vaults_twist, v_alt_pattern_2,
          nicolae_vaults_little_squares_2, v_misc_2, v_rooms_4,
          vaults_room_guarded_vault, grunt_vaults_hallway_long,
          nicolae_vaults_theta, hangedman_vaults_cutoff, v_pattern_5,
          vaults_room_door_ring, ontoclasm_vaults_idyll, vaults_room_grid,
          layout_vaults_omnibox, serial_shops, nicolae_shop_crystal
Vaults:5: serial_shops
Crypt:1:  layout_catacombs, chequers_hall_statues_corner_a, moated_statue,
          eino_tiny_chamber, uniq_bai_suzhen, uniq_sojobo
Crypt:2:  layout_rooms, roderic_lattice_octagonal_star, lemuel_elevator
Crypt:3:  evilmike_haunted_forest, uniq_xtahua
Depths:1: layout_basic, hell_entry, nicolae_water_bricks,
          hangedman_corner_corridor, uniq_enchantress
Depths:2: minmay_slanted_spiral_squares, layout_cave_pools, hell_entry,
          hangedman_decor_clover_reticule, grunt_pan_entry_in_and_out,
          minmay_shop_grove, uniq_nikola
Depths:3: kennysheep_bubble_arena, layout_cave_pools, pf_dread_powers_of_hell,
          serial_shops, nicolae_shop_stone, rand_demon_pan_entry_5
Depths:4: nicolae_legendary_halls, layout_gridlike, enter_ziggurat_f,
          minmay_misc_feat_x, hell_entry, abyss_entry_small_statue_room,
          argonaut_fire_from_heaven
Depths:5: grunt_bruiser_brothers, layout_cave_shapes, hell_entry, abyss_entry,
          grunt_decor_cap, uniq_margery
Hell
Coc:1:    layout_ice_bergs
Zot:1:    layout_basic
Zot:2:    layout_gridville, grunt_ministairs_13
Zot:3:    nicolae_moth_party, layout_basic, ebering_ghost_inner_flame
Zot:4:    layout_onion, chequers_guarded_unrand_mask_of_the_dragon
Zot:5:    layout_misc_corridors
Abyss:2:  hangedman_abyss_sting

Skill      XL: |  1  2  3  4  5  6  7  8  9 10 11 12 13 14 15 16 17 18 19 20 21 22 23 24 25 26 27 |
---------------+----------------------------------------------------------------------------------+-----
Fighting       | 4 5 6 7 8 9 11 12 13 14 15 16 17 18 19 21 23 24 26 27 | 27.0
Long Blades    | 3 4 5 7 8 10 11 13 14 15 16 17 18 19 20 21 23 24 25 26 27 | 27.0
Armour         | 4 5 6 8 9 10 11 13 14 15 16 17 18 19 20 21 22 25 27 | 27.0
Shields        | 4 5 6 7 9 10 11 13 14 16 18 19 22 23 25 26 27 | 27.0
Dodging        | 1 2 3 4 |  4.3
Invocations    | 1 2 3 4 5 14 | 14.8
Stealth        | 1 2 7 |  7.7
Evocations     | 1 2 4 9 |  9.6

Action                   |  1- 3 |  4- 6 |  7- 9 | 10-12 | 13-15 | 16-18 | 19-21 | 22-24 | 25-27 || total
-------------------------+-------+-------+-------+-------+-------+-------+-------+-------+-------++-------
Melee: Long sword        |    69 |   121 |     8 |       |       |       |       |       |       ||   198
       Headbutt          |    11 |    18 |    81 |   201 |   356 |   437 |   482 |   592 |   926 ||  3104
       Falchion          |       |       |   341 |   355 |   371 |    71 |       |       |       ||  1138
       Scimitar          |       |       |       |   398 |   841 |  1466 |  1490 |  1669 |  1464 ||  7328
       Demon blade       |       |       |       |       |   102 |       |       |       |       ||   102
       Double sword      |       |       |       |       |       |       |       |       |  1147 ||  1147
Invok: Heroism           |       |       |       |     8 |     7 |    15 |     2 |     4 |     7 ||    43
       Finesse           |       |       |       |       |       |     4 |       |     2 |     5 ||    11
Evoke: Wand              |       |       |     5 |       |    20 |     1 |       |     4 |    32 ||    62
  Use: Potion            |     3 |     1 |       |       |       |     7 |       |       |     4 ||    15
       Scroll            |       |     2 |     1 |     1 |    23 |    16 |     5 |     5 |    33 ||    86
 Stab: Distracted        |       |       |       |     1 |     1 |       |       |       |       ||     2
       Confused          |       |       |       |       |       |     2 |       |       |     1 ||     3
       Held in net/web   |       |       |       |       |       |     1 |       |       |       ||     1
  Eat: Chunk             |       |     5 |    15 |    22 |    36 |    21 |    21 |    26 |    55 ||   201
       Ration            |       |       |     1 |       |     3 |     8 |     3 |     4 |    16 ||    35
Armor: Scale mail        |    27 |    18 |       |       |       |       |       |       |       ||    45
       Plate armour      |       |    22 |   160 |   303 |    84 |       |       |       |       ||   569
       Crystal plate arm |       |       |       |       |   424 |   825 |   234 |   414 |   281 ||  2178
       Gold dragon scale |       |       |       |       |       |       |       |       |   733 ||   733
Dodge: Dodged            |    22 |    29 |    55 |   163 |   279 |   362 |   104 |   201 |   421 ||  1636
Block: Shield            |    29 |    58 |   156 |   410 |  1124 |   491 |       |       |       ||  2268
       Reflection        |       |       |       |       |     6 |    74 |   204 |   176 |    45 ||   505
       Large shield      |       |       |       |       |       |  1977 |  2273 |  2734 |  4121 || 11105
       Rpst.: Long sword |     4 |     8 |     1 |       |       |       |       |       |       ||    13
       Falchion          |       |       |    18 |    23 |    20 |       |       |       |       ||    61
       Scimitar          |       |       |       |    20 |    35 |    46 |    17 |    26 |    24 ||   168
       Demon blade       |       |       |       |       |     5 |       |       |       |       ||     5
       Double sword      |       |       |       |       |       |       |       |       |    29 ||    29
